 Dungeon Crawl Stone Soup version 0.21-a0-283-g622b906 (webtiles) character file.

468685 RKaid the Draconian Blade (level 23, -5/286 HPs)
             Began as a Yellow Draconian Chaos Knight on Sept 22, 2017.
             Slain by an ironbrand convoker
             ... wielding a +2 flail of crushing
             ... led by a vault warden
              (11 damage)
             ... while paralysed by you
             ... on level 3 of the Vaults on Sept 24, 2017.
             The game lasted 04:04:12 (53550 turns).

RKaid the Draconian Blade (DrCK)                   Turns: 53550, Time: 04:04:16

Health: -5/286     AC: 30    Str: 21    XL:     23   Next: 49%
Magic:  31/31      EV:  2    Int: 18    God:    Xom [..*...]
Gold:   4091       SH:  0    Dex: 20    Spells: 17/22 levels left

rFire    + . .     SeeInvis .   a - +7 triple sword (flame)
rCold    + . .     Gourm    .   (shield currently unavailable)
rNeg     . . .     Faith    .   (armour unavailable)
rPois    +         Spirit   .   E - +0 hat
rElec    +         Reflect  .   p - +2 cloak {MR+}
rCorr    +         Harm     .   R - +2 pair of gloves of the Garden {*Corrode rF+ Regen+ Dex+3}
MR       ++++.                  K - +2 pair of boots {Stlth+}
Stlth    +++.......             Y - amulet of regeneration {+regen}
HPRegen  1.37/turn              P - +4 ring of protection
MPRegen  0.22/turn              T - +6 ring of protection

@: paralysed, flying, very slightly contaminated, slowed, invisible
A: spit acid, acid resistance, unfitting armour, big wings, fangs 2, horns 2,
stinger 3, talons 1, camouflage 1, agile 2, blink, clever 1, cold resistance 1,
high mp 1, magic resistance 2, mutation resistance 2, poison resistance, robust
3, electricity resistance, strong 1, wild magic 3, acidic bite, cold-blooded, AC
+11
}: 2/15 runes: barnacled, gossamer
a: Breathe Acid, Stop Flying, Blink, Renounce Religion


You were on level 3 of the Vaults.
You worshipped Xom.
You were a toy of Xom.
You were hungry.

You visited 8 branches of the dungeon, and saw 39 of its levels.
You also visited: Labyrinth, Ossuary and Volcano.

You collected 5683 gold pieces.
You spent 1592 gold pieces at shops.

Inventory:

Hand Weapons
 a - a +7 triple sword of flaming (weapon)
   (You found it in a volcano)
 b - the +10 rapier of Slow Death {pierce, *Noise Str+4 Dex+4}
   (You found it on level 2 of the Elven Halls)

   It inflicts extra damage upon your enemies.
   It affects your strength (+4).
   It affects your dexterity (+4).
   It may make noises in combat.
 w - the +3 great sword "Giprihym" {holy, MR+ MP+9 Stlth-}
   (You acquired it on level 7 of the Dungeon)

   It has been blessed by the Shining One to cause great damage to the undead
   and demons.
   It affects your resistance to hostile enchantments.
   It affects your magic capacity (+9).
   It makes you less stealthy.
Missiles
 Q - 3 throwing nets {=f}
Armour
 d - a +2 shield
   (You found it on level 2 of the Spider Nest)
 p - a +2 cloak of magic resistance (worn)
   (Xom gifted it to you on level 4 of the Lair of Beasts)
 E - a +0 hat (worn)
   (You found it on level 3 of the Elven Halls)
 K - a +2 pair of boots of stealth (worn)
   (Xom gifted it to you on level 1 of the Spider Nest)
 R - the +2 pair of gloves of the Garden (worn) {*Corrode rF+ Regen+ Dex+3}
   (You bought it in a shop on level 2 of the Orcish Mines)

   It affects your dexterity (+3).
   It protects you from fire.
   It increases your rate of regeneration.
   It may corrode you when you take damage.
Jewellery
 z - the ring "Xetrunik" {Wiz -Tele rN+ MR+ SInv Stlth+}
   (You took it off a merfolk impaler on level 4 of the Shoals)

   [ring of wizardry]

   It improves your spell success rate.
   It protects you from negative energy.
   It affects your resistance to hostile enchantments.
   It lets you see invisible.
   It prevents most forms of teleportation.
   It makes you more stealthy.
 F - an uncursed ring of protection from fire {rF+}
   (You found it on level 8 of the Dungeon)
 I - an uncursed ring of wizardry {Wiz+}
   (You found it on level 2 of the Vaults)
 M - an uncursed ring of protection from magic {MR+}
   (You found it on level 2 of the Lair of Beasts)
 P - a +4 ring of protection (left hand)
   (You found it on level 10 of the Dungeon)
 T - a +6 ring of protection (right hand)
   (You found it on level 4 of the Dungeon)
 Y - an amulet of regeneration (around neck) {+regen}
   (You found it on level 6 of the Lair of Beasts)
Wands
 c - a wand of scattershot (2/9)
   (Xom gifted it to you on level 5 of the Lair of Beasts)
 A - a wand of acid (1/15)
   (You found it in a labyrinth)
 C - a wand of clouds (2/9)
   (You found it on level 6 of the Dungeon)
 D - a wand of digging (8/24)
   (You found it on level 14 of the Dungeon)
 Z - a wand of iceblast (9/15)
   (You found it on level 12 of the Dungeon)
Scrolls
 i - 6 scrolls of identify
 m - a scroll of blinking {!r}
 o - 19 scrolls of remove curse
 r - 14 scrolls of teleportation
 s - 3 scrolls of fear
 t - a scroll of acquirement
 y - 9 scrolls of recharging
 H - a scroll of silence
 L - a scroll of summoning
 S - 5 scrolls of magic mapping {!r}
 U - 7 scrolls of fog
 V - a scroll of holy word {!r}
Potions
 f - 8 potions of curing
 h - 10 potions of heal wounds
 j - 5 potions of might
 l - 5 potions of cancellation
 n - 8 potions of haste
 v - 7 potions of ambrosia
 x - 4 potions of invisibility
 B - 6 potions of agility
 G - 3 potions of berserk rage {!q}
 J - 12 potions of brilliance
 N - 2 potions of magic
 W - 2 potions of resistance
Miscellaneous
 g - 2 phantom mirrors
 u - a phial of floods
   (You found it on level 2 of the Shoals)
 X - a lamp of fire
   (You found it on level 5 of the Lair of Beasts)
Comestibles
 e - 40 royal jellies
 k - 17 meat rations
 q - 18 bread rations
 O - 3 chunks of flesh


   Skills:
 + Level 21.2 Fighting
 - Level 24.0 Long Blades
 + Level 18.5 Dodging
 - Level 6.5 Shields
 - Level 3.0 Charms
 - Level 3.2 Translocations
 - Level 3.0 Air Magic
 - Level 8.0 Evocations


You had 17 spell levels left.
You knew the following spells:

 Your Spells              Type           Power        Failure   Level  Hunger
a - Summon Butterflies    Summ           #.......     47%         1    ##.....
A - Swiftness             Chrm/Air       ###.....     28%         2    ###....
B - Blink                 Tloc           N/A          26%         2    ###....


Dungeon Overview and Level Annotations

Branches:
Dungeon (15/15)            Temple (0/1) D:5            Lair (6/6) D:10
 Shoals (4/4) Lair:4       Spider (4/4) Lair:3        Slime (0/5) Lair:6
    Orc (2/2) D:11            Elf (3/3) Orc:2        Vaults (3/5) D:13
  Crypt (0/3) Vaults:3     Depths (2/5) D:15

Altars:
Dithmenos
Elyvilon
Gozag
Kikubaaqudgha
Makhleb
Okawaru
Wu Jian
Xom
Zin
Jiyva

Shops:
D:5 !   Orc:2 :!%[   Elf:1 =(   Elf:2 :   Shoals:3 [=   Depths:1 [

Portals:
Hell: Depths:1 Depths:2
Abyss: Depths:2
Pandemonium: Depths:2

Annotations:
Lair:4 exclusion: 2 oklob plants
Spider:1 exclusion: Roxanne, Roxanne
Elf:2 5 runed doors


Innate Abilities, Weirdness & Mutations

You can spit globs of acid.
You are resistant to acid.
Your golden yellow scales are hard. (AC +11)
You cannot fit into any form of body armour.
You have acidic saliva.
You are cold-blooded and may be slowed by cold attacks.
Your large and strong wings let you fly indefinitely.
You have extremely sharp teeth.
You have a pair of horns on your head.
Your tail ends in a wickedly sharp and poisonous barb.
You have sharp toenails.
Your skin changes colour to match your surroundings (Stealth+).
You are very agile. (Dex +4)
You can translocate small distances at will.
Your mind is acute. (Int +2)
Your flesh is cold resistant. (rC+)
You have an increased reservoir of magic. (+10% MP)
You are highly resistant to hostile enchantments. (MR++)
You are somewhat resistant to both further mutation and mutation removal.
Your system is resistant to poisons. (rPois)
You are extremely robust. (+30% HP)
You are resistant to electric shocks. (rElec)
Your muscles are strong. (Str +2)
Your spells are much harder to cast, but much more powerful.


Message History

You riposte.
You slice the vault guard!! You burn the vault guard!
You kill the vault guard!
The earth elemental misses you.
You slice the ironbrand convoker!! You burn the ironbrand convoker.
You tail-slap the ironbrand convoker! You bite the ironbrand convoker.
The ironbrand convoker is splashed with acid.
The acid corrodes the ironbrand convoker!
You kill the ironbrand convoker!
You slash the deep elf mage! You burn the deep elf mage.
You tail-slap the deep elf mage!
The deep elf mage is poisoned.
The deep elf mage hits you but does no damage.
The earth elemental hits you but does no damage.
You slice the deep elf mage!! You burn the deep elf mage.
You kill the deep elf mage!
You dice the ogre like an onion!!! You burn the ogre.
You kill the ogre!
The earth elemental hits you!!
* * * LOW HITPOINT WARNING * * *
You slash the vault warden! You burn the vault warden.
You headbutt the vault warden.
You bite the vault warden, but do no damage.
Something hits you but does no damage.
You hit the vault warden. You burn the vault warden.
You headbutt the vault warden, but do no damage.
You bite the vault warden, but do no damage.
The vault warden barely misses you. Something misses you.
The earth elemental barely misses you.
You riposte.
You slice the earth elemental!! You hit the vault warden.
You burn the vault warden. Your headbutt misses the vault warden.
Your tail-slap misses the vault warden.
Xom asks Qazlal to spice things up a little.
You are now a toy of Xom.
Something hits you but does no damage.
You barely miss the vault warden. You headbutt the vault warden.
You tail-slap the vault warden.
You are engulfed in seething chaos.
The deep elf mage mumbles some strange words.
The deep elf mage blinks!
The earth elemental hits you but does no damage.
You hit the vault warden but do no damage.
You headbutt the vault warden. Your bite misses the vault warden.
You are engulfed in seething chaos.
The vault warden hits you but does no damage.
Something barely misses you.
The ironbrand convoker hits you with a flail of crushing!
* * * LOW HITPOINT WARNING * * *
x2 You feel much better.
You are engulfed in seething chaos.
An ogre mage appears from thin air!
Reactivating autopickup.
The ogre mage misses you.
The vault warden hits you with a long sword of electrocution!!
* * * LOW HITPOINT WARNING * * *
The earth elemental misses you.
You feel much better.
You are engulfed in seething chaos.
You feel yourself slow down.
The ironbrand convoker points at the ogre mage and mumbles some strange words.
The ogre mage seems to grow stronger.
The ogre mage completely misses you.
The vault warden activates a sealing rune.
You slash the vault warden! You burn the vault warden.
You bite the vault warden.
The vault warden is splashed with acid.
You are engulfed in seething chaos.
You suddenly lose the ability to move!
The ironbrand convoker begins to recite a word of recall!
The ogre mage hits you but does no damage.
The earth elemental hits you but does no damage.
The vault warden hits you but does no damage.
You are engulfed in seething chaos.
Strange energies run through your body.
The deep elf mage mumbles some strange words.
The deep elf mage blinks!
The ogre mage hits you but does no damage.
You are engulfed in seething chaos.
You fade into invisibility!
You are very lightly contaminated with residual magic.
The vault warden hits you with a long sword of electrocution!!!
* * * LOW HITPOINT WARNING * * *
The deep elf mage points at you and mumbles some strange words.
The bolt of magma hits the earth elemental.
The earth elemental partially resists.
The earth elemental hits you!
* * * LOW HITPOINT WARNING * * *
The ogre mage hits you but does no damage.
The freezing wraith is recalled.
The vault warden hits you with a long sword of electrocution.
* * * LOW HITPOINT WARNING * * *
The ogre mage barely misses you.
The earth elemental hits you but does no damage.
The ironbrand convoker hits you with a flail of crushing.
* * * LOW HITPOINT WARNING * * *
x2 A boggart and a freezing wraith come into view.
The boggart moves out of view.
The vault warden hits you with a long sword of electrocution!
* * * LOW HITPOINT WARNING * * *
The ogre mage hits you but does no damage.
You hear a shout!
The ironbrand convoker hits you but does no damage.
The ogre mage hits you but does no damage.
The earth elemental hits you but does no damage.
The vault warden hits you with a long sword of electrocution!!
* * * LOW HITPOINT WARNING * * *
Xom thinks this is hilarious!
The ironbrand convoker hits you with a flail of crushing!
You die...
Xom chortles!

#....#
#....#
#....
##########
#.........
#p...#
#W)<.#
#O.O.#
#p###.O.#
#p@#


OOp(# #E## ...## #E. #$#.. #... ##.e. #.... ... #..... .. ####### You could see
a vault warden, an ogre mage, a vault sentinel, an ironbrand convoker, 2 earth
elementals and a freezing wraith.

Vanquished Creatures
  Mara (Shoals:3)
  Bai Suzhen (Depths:1)
  Saint Roka (Depths:2)
  Nikola (Shoals:1)
  Arachne (Spider:3)
  A tentacled monstrosity (Vaults:2)
  Rupert (Lair:3)
  A deep elf master archer (Elf:3)
  A deep elf blademaster (Elf:3)
  A sphinx (Vaults:2)
  Frances (Spider:1)
  A nagaraja (Vaults:2)
  Ilsuiw (Shoals:3)
  Donald (Spider:2)
  A tengu reaver (Vaults:2)
  A storm dragon (Vaults:2)
  A revenant (Vaults:3)
  6 deep elf sorcerers
  A fire giant (Vaults:2)
  A frost giant (Depths:2)
  3 vault wardens
  An orc warlord (Orc:1)
  3 ghost moths (Spider:4)
  9 emperor scorpions
  Aizul (Spider:2)
  5 deep elf elementalists (Elf:3)
  A ghoul (Vaults:3)
  12 ironheart preservers
  6 stone giants
  8 very ugly things
  A vampire knight (Depths:1)
  A war gargoyle (Vaults:2)
  2 entropy weavers
  A red draconian (Vaults:2)
  12 deep elf annihilators
  4 deep elf demonologists (Elf:3)
  A dire elephant (Spider:1)
  3 ettins
  5 deep elf death magi
  A crystal guardian (Vaults:3)
  6 merfolk javelineers
  A minotaur (Lab)
  3 deep elf high priests (Elf:3)
  2 jiangshi (Depths:2)
  5 merfolk impalers
  4 great orbs of eyes
  9 fire dragons
  A yaktaur captain (Vaults:2)
  4 ice dragons
  9 vault guards
  6 hydras
  A hell beast (Depths:1)
  2 spriggan air magi (Depths:2)
  2 catoblepae
  A rakshasa (Depths:2)
  3 death knights
  An anaconda (Lair:1)
  3 merfolk avatars
  14 centaur warriors
  6 merfolk aquamancers
  15 dancing weapons
  4 alligator snapping turtles
  A deep troll shaman (Depths:2)
  2 vampire magi (Depths:2)
  11 two-headed ogres
  8 ogre magi
  A hell hog (Volcano)
  4 deep troll earth magi (Depths:2)
  9 deep elf knights
  4 orc high priests
  2 tengu warriors (D:15)
  3 spriggan berserkers
  13 death yaks
  A soul eater (Depths:1)
  An iron troll (Depths:1)
  20 skeletal warriors
  A fire crab (Volcano)
  8 sea snakes
  A shadow wraith (Vaults:1)
  2 unseen horrors
  4 deep trolls
  A glowing orange brain (Vaults:2)
  2 wizards
  21 deep elf archers
  A flayed ghost (Vaults:2)
  A phantasmal warrior (Vaults:2)
  9 ironbrand convokers
  A swamp dragon (Lair:6)
  A lindwurm (Lair:6)
  3 necromancers
  14 orc knights
  57 deep elf magi
  25 harpies
  29 wolf spiders
  The ghost of haldagan the Slasher, a novice BaFi of Wu Jian (D:5)
  12 orc sorcerers
  19 orb spiders
  39 ugly things
  13 cyclopes
  5 fauns
  A cyclops (shapeshifter) (Vaults:2)
  15 manticores
  A guardian serpent (Vaults:2)
  2 elephants (Lair:6)
  4 black mambas
  6 vault sentinels
  12 spiny frogs
  A water nymph (shapeshifter) (Vaults:2)
  14 merfolk sirens
  6 gargoyles
  A naga mage (D:15)
  8 water nymphs
  3 torpor snails
  A molten gargoyle (Volcano)
  A freezing wraith (Depths:1)
  2 kobold demonologists
  6 komodo dragons
  6 yaktaurs
  9 rime drakes
  11 demonic crawlers
  5 tengu conjurers
  An ice devil (Lair:2)
  A red devil (Depths:1)
  10 trolls
  5 polar bears
  A queen bee (Lair:1)
  25 jumping spiders
  7 hornets
  A hippogriff (shapeshifter) (Vaults:3)
  27 merfolk
  44 slime creatures
  Grinder (D:6)
  6 wind drakes
  4 snapping turtles
  10 dream sheep
  11 blink frogs
  17 hippogriffs
  Sigmund (D:2)
  A redback (shapeshifter) (Vaults:1)
  5 air elementals
  A spriggan (Depths:2)
  23 tarantellas
  A centaur simulacrum (D:14)
  A shadow (D:11)
  50 redbacks
  A wyvern (D:8)
  8 wraiths
  10 fire bats (Volcano)
  A hog (shapeshifter) (Elf:1)
  3 basilisks
  2 vampires
  A fire elemental (Elf:3)
  3 hogs (Spider:1)
  7 steam dragons
  3 hungry ghosts
  10 water elementals
  27 yaks
  19 humans (D:13)
  6 vampire mosquitoes
  2 spatial vortices (Vaults:2)
  9 wargs
  2 hell hounds (Volcano)
  A soldier ant (D:12)
  9 water moccasins
  3 acid dragons
  2 floating eyes
  13 porcupines
  The ghost of Sumakker the Sneak, an amateur SpAs (Ossuary)
  A swamp drake (Lair:6)
  45 orc warriors
  A hornet zombie (D:9)
  12 sky beasts
  2 black bears
  5 phantoms
  2 boggarts
  2 eyes of draining
  36 ogres
  10 ice beasts
  A necrophage (D:9)
  5 wolves
  23 centaurs
  11 crocodiles
  8 big kobolds
  21 bullfrogs
  5 earth elementals
  A wyvern skeleton (D:10)
  7 scorpions
  35 killer bees
  A killer bee (shapeshifter) (D:6)
  10 wights
  2 howler monkeys (D:5)
  7 electric eels
  10 crimson imps
  6 lava snakes (Volcano)
  5 centaur zombies
  A quasit (D:9)
  A bullfrog skeleton (D:11)
  9 jellies
  7 hounds
  3 centaur skeletons
  18 orc priests
  2 bullfrog zombies
  6 iguanas
  33 orc wizards
  Natasha (twice) (D:3)
  15 worker ants
  Ijyb (D:4)
  3 polar bear simulacra (Lair:6)
  5 wolf simulacra (Lair:6)
  A killer bee zombie (D:9)
  2 big kobold zombies (Ossuary)
  A hound zombie (D:5)
  2 mummies (Ossuary)
  2 worker ant zombies
  3 gnolls
  A river rat (D:7)
  9 adders
  2 shadow imps
  A white imp (Lair:2)
  6 oozes
  An adder zombie (D:7)
  3 dart slugs
  A worm (D:2)
  3 leopard geckos
  122 orcs
  9 giant cockroaches
  9 goblins
  9 hobgoblins
  A jackal (shapeshifter) (D:5)
  13 jackals
  11 quokkas
  18 bats
  7 frilled lizards
  2 goblin zombies (Ossuary)
  9 hobgoblin zombies (Ossuary)
  A jackal zombie (Ossuary)
  20 kobolds
  8 kobold zombies (Ossuary)
  12 orc zombies (Ossuary)
  A quokka skeleton (D:6)
  A quokka zombie (D:5)
  10 rats
  3 river rat simulacra (Lair:6)
1753 creatures vanquished.

Vanquished Creatures (collateral kills)
  An ettin (Depths:2)
  A spriggan air mage (Depths:2)
  2 hydras
  A two-headed ogre (D:14)
  A deep troll shaman (Depths:2)
  A deep troll earth mage (Depths:2)
  A deep elf knight (Elf:1)
  2 orc knights (Orc:2)
  A manticore (D:14)
  An ice statue (Lair:2)
  A merfolk (Shoals:1)
  A blink frog (Lair:6)
  2 slime creatures (Depths:2)
  A yak (D:14)
  A basilisk (Lair:1)
  A water moccasin (Lair:3)
  An orc warrior (Orc:2)
  A bullfrog (D:6)
  A killer bee (D:7)
  2 orc priests (Orc:2)
  A human zombie (Ossuary)
  Natasha (D:3)
  A worker ant (D:7)
  An adder (D:6)
  A gnoll (D:3)
  2 orcs
  A hobgoblin (D:3)
  A quokka (D:6)
  A frilled lizard (D:3)
  A kobold zombie (Ossuary)
35 creatures vanquished.

Vanquished Creatures (others)
  A merfolk aquamancer (Shoals:4)
  A dancing weapon (Orc:2)
  A deep elf knight (Elf:2)
  2 tarantellas
  2 redbacks (Spider:4)
  A human (Spider:1)
  A sky beast (D:5)
  An ogre (Vaults:3)
  A crocodile (Lair:6)
  A kobold (D:9)
  A bush (Lair:2)
  6 fungi
  8 plants
27 creatures vanquished.

Grand Total: 1815 creatures vanquished

Notes
Turn   | Place    | Note
-------+----------+-------------------------------------------
     0 | D:1      | RKaid the Draconian Chaos Knight began the quest for the Orb.
     0 | D:1      | Reached XP level 1. HP: 19/19 MP: 1/1
     9 | D:1      | XOM: divination: magic mapping
   103 | D:1      | XOM: potion effect (brilliance)
   151 | D:1      | Reached XP level 2. HP: 26/26 MP: 2/2
   481 | D:1      | XOM: confuse monster(s)
   798 | D:1      | XOM: scenery: create altars
  1081 | D:2      | XOM: give mutations
  1081 | D:2      | Gained mutation: You are robust. (+10% HP) [Xom's grace]
  1081 | D:2      | Gained mutation: Your large and strong wings let you fly indefinitely. [Xom's grace]
  1081 | D:2      | Gained mutation: You have a pair of small horns on your head. [Xom's grace]
  1105 | D:2      | Reached XP level 3. HP: 27/34 MP: 3/3
  1164 | D:2      | XOM: mild Ice miscast
  1254 | D:2      | Reached skill level 4 in Long Blades
  1382 | D:2      | Found an iron altar of Okawaru.
  1443 | D:2      | Noticed Sigmund
  1458 | D:2      | Killed Sigmund
  1458 | D:2      | Reached skill level 4 in Fighting
  1458 | D:2      | Reached skill level 5 in Long Blades
  1458 | D:2      | Reached skill level 3 in Dodging
  1458 | D:2      | Reached XP level 4. HP: 37/45 MP: 4/4
  1458 | D:2      | Reached XP level 5. HP: 42/51 MP: 5/5
  1464 | D:2      | XOM is BORED!
  1476 | D:2      | XOM: 2-stop teleportation journey
  1484 | D:2      | XOM: 2-stop teleportation journey
  1606 | D:2      | XOM: harmless Chrm miscast
  1645 | D:2      | Found a shadowy altar of Dithmenos.
  1852 | D:2      | Found a burning altar of Makhleb.
  2210 | D:3      | XOM: divination: detect creatures
  2258 | D:3      | Reached XP level 6. HP: 58/58 MP: 6/6
  2287 | D:3      | Noticed Natasha
  2293 | D:3      | XOM: summons friendly ufetubus
  2295 | D:3      | Killed Natasha
  2304 | D:3      | Found a faded altar of an unknown god.
  2487 | D:3      | XOM: god gift: 53 gold pieces
  2522 | D:3      | Noticed Natasha
  2529 | D:3      | Killed Natasha
  2535 | D:3      | Noticed Natasha
  2540 | D:3      | Killed Natasha
  2540 | D:3      | Reached skill level 5 in Fighting
  2723 | D:4      | Noticed Grinder
  2845 | D:4      | Noticed an ice beast
  2868 | D:4      | Killed an ice beast
  2868 | D:4      | Reached skill level 6 in Long Blades
  3419 | D:4      | Your scales start taking on a golden yellow colour.
  3419 | D:4      | Reached XP level 7. HP: 67/67 MP: 7/7
  3425 | D:4      | XOM: mild Fire miscast
  3430 | D:4      | XOM: potion effect (berserk rage)
  3520 | D:4      | Noticed Ijyb
  3525 | D:4      | Killed Ijyb
  3837 | D:5      | Entered Level 5 of the Dungeon
  3837 | D:5      | Noticed haldagan's ghost (novice BaFi)
  3852 | D:5      | XOM: potion effect (brilliance)
  3855 | D:5      | XOM: give mutations
  3855 | D:5      | Gained mutation: Your mind is acute. (Int +2) [Xom's mischief]
  3855 | D:5      | Gained mutation: Your tail ends in a poisonous barb. [Xom's mischief]
  3855 | D:5      | Gained mutation: You tend to lose your temper in combat. [Xom's mischief]
  3858 | D:5      | Killed haldagan's ghost
  3858 | D:5      | Reached skill level 6 in Fighting
  3858 | D:5      | Reached skill level 7 in Long Blades
  3858 | D:5      | Reached skill level 4 in Dodging
  3858 | D:5      | Reached XP level 8. HP: 68/77 MP: 8/8
  4044 | D:5      | Found a staircase to the Ecumenical Temple.
  4160 | D:5      | XOM: enchant monster (bad)
  4162 | D:5      | Reached skill level 5 in Dodging
  4195 | D:5      | Reached skill level 8 in Long Blades
  4244 | D:5      | Found an opulent altar of Gozag.
  4244 | D:5      | Found a glowing silver altar of Zin.
  4357 | D:5      | Found Gudaikk's Distillery.
  4495 | D:5      | Reached skill level 7 in Fighting
  4679 | D:5      | XOM: give mutation
  4679 | D:5      | Gained mutation: Your body sometimes deteriorates upon taking damage. [Xom's mischief]
  4746 | D:5      | XOM: 9-stop teleportation journey
  4771 | D:5      | Found an ancient bone altar of Kikubaaqudgha.
  4897 | D:5      | XOM: cast spell 'Summon Mana Viper'
  5224 | D:6      | XOM: 4-stop teleportation journey
  5249 | D:6      | XOM: summons friendly white imp
  5258 | D:6      | Reached skill level 9 in Long Blades
  5258 | D:6      | Reached XP level 9. HP: 60/86 MP: 9/9
  5341 | D:6      | XOM: noise
  5361 | D:6      | XOM: 3-stop teleportation journey
  5368 | D:6      | Learned a level 2 spell: Blink
  5686 | D:6      | Killed Grinder
  5703 | D:6      | Reached skill level 6 in Dodging
  5727 | D:6      | XOM: confusion (+ monsters)
  5762 | D:6      | Gained mutation: Scrolls take you a little longer to read. [mutagenic meat]
  5763 | D:6      | Gained mutation: You have large cloven feet. [mutagenic meat]
  5764 | D:6      | Gained mutation: Your flesh is cold resistant. (rC+) [mutagenic meat]
  5765 | D:6      | Lost mutation: Your body sometimes deteriorates upon taking damage. [mutagenic meat]
  5942 | D:6      | XOM: give mutations
  5942 | D:6      | Lost mutation: You are robust. (+10% HP) [Xom's mischief]
  5942 | D:6      | Lost mutation: You have a pair of small horns on your head. [Xom's mischief]
  5942 | D:6      | Lost mutation: Your tail ends in a poisonous barb. [Xom's mischief]
  6145 | D:6      | XOM: cleaving
  6149 | D:6      | Reached skill level 8 in Fighting
  6273 | D:7      | Identified a scroll of acquirement
  6273 | D:7      | Got an ancient great sword
  6301 | D:7      | XOM: god gift: fruit
  6326 | D:7      | XOM: polymorph killer bee -> river rat
  6327 | D:7      | XOM: scenery: create altars
  6345 | D:7      | XOM: confuse monster(s)
  6349 | D:7      | XOM: divination: detect creatures
  6369 | D:7      | XOM: 1-stop teleportation journey
  6430 | D:7      | HP: 20/81 [ogre/giant club (12)]
  6737 | D:7      | Found an ornate altar of the Wu Jian Council.
  6751 | D:7      | XOM: summons friendly quasit
  6794 | D:7      | Reached skill level 10 in Long Blades
  6857 | D:7      | XOM: scenery: create altars
  6922 | D:7      | XOM: god gift: scroll labeled YTAGOT XUMMES {god gift}
  6926 | D:7      | XOM: god gift: leather armour {god gift}
  7005 | D:7      | XOM: divination: detect items
  7186 | D:7      | Found a white marble altar of Elyvilon.
  7254 | D:7      | XOM: god gift: scale mail {god gift}
  7569 | D:8      | Found a sand-covered staircase.
  7589 | Ossuary  | Entered an ossuary
  7633 | Ossuary  | Noticed Sumakker's ghost (amateur SpAs)
  7642 | Ossuary  | XOM: summons friendly crimson imp
  7650 | Ossuary  | Killed Sumakker's ghost
  7805 | Ossuary  | XOM: give mutations
  7805 | Ossuary  | Gained mutation: You are somewhat resistant to further mutation. [Xom's grace]
  7805 | Ossuary  | Gained mutation: You are robust. (+10% HP) [Xom's grace]
  7805 | Ossuary  | Gained mutation: You have hoof-like feet. [Xom's grace]
  7938 | D:8      | Reached skill level 7 in Dodging
  7938 | D:8      | Reached XP level 10. HP: 95/99 MP: 10/10
  8012 | D:8      | XOM: divine lightning
  8027 | D:8      | XOM: 6-stop teleportation journey
  8041 | D:8      | XOM: 5-stop teleportation journey
  8315 | D:8      | XOM: polymorph black bear -> black bear
  8404 | D:8      | XOM: scenery: create altars
  8617 | D:8      | XOM: scenery: create altars
  8764 | D:8      | XOM: give mutations
  8764 | D:8      | Lost mutation: You are somewhat resistant to further mutation. [Xom's grace]
  8764 | D:8      | Gained mutation: You evolve. [Xom's grace]
  8764 | D:8      | Lost mutation: You evolve. [Xom's grace]
  8764 | D:8      | Gained mutation: You are somewhat resistant to further mutation. [Xom's grace]
  8764 | D:8      | Gained mutation: You are agile. (Dex +2) [Xom's grace]
  8824 | D:8      | XOM: divination: detect items
  9103 | D:8      | Noticed a gargoyle
  9110 | D:8      | RKaid: @?gargoyle
  9110 | D:8      | beem: gargoyle (9)
                  | Spd:
    10 | HD: 6    | HP: 23-32
                  | AC/EV: 18/6
                  | Dam: 20
                  | non-living, items, doors, fly, unbreathing
                  | Res: magic(40), elec, poison+++, drown, rot+++, neg+++, torm
                  | XP: 416
                  | Sp: stone arrow (3d12) [!AM, !sil]
                  | Sz: Medium
                  | Int: human.
  9123 | D:8      | XOM: potion effect (curing)
  9124 | D:8      | XOM: cast spell 'Summon Ice Beast'
  9162 | D:8      | XOM: mild Summ miscast
  9252 | D:7      | XOM: give mutations
  9252 | D:7      | Gained mutation: Your spells are a little harder to cast, but a little more powerful. [Xom's grace]
  9252 | D:7      | Gained mutation: Your mind is very acute. (Int +4) [Xom's grace]
  9252 | D:7      | Gained mutation: You can translocate small distances at will. [Xom's grace]
  9252 | D:7      | Gained mutation: You are resistant to electric shocks. (rElec) [Xom's grace]
  9255 | D:7      | XOM: medium Ice miscast
  9507 | D:8      | XOM: 3-stop teleportation journey
  9603 | D:8      | Killed a gargoyle
  9603 | D:8      | Reached skill level 9 in Fighting
  9603 | D:8      | Reached skill level 11 in Long Blades
  9660 | D:8      | Noticed a gargoyle
  9688 | D:8      | XOM: summons 5 hostile demons
  9810 | D:7      | XOM: noise
  9933 | D:9      | Identified the +3 great sword "Giprihym" {holy, MR+ MP+9 Stlth-} (You acquired it on level 7 of the Dungeon)
 10050 | D:9      | XOM: mild Air miscast
 10060 | D:9      | XOM: swap monsters
 10061 | D:9      | XOM: harmless Conj miscast
 10136 | D:9      | XOM: mild Conj miscast
 10162 | D:9      | HP: 23/100 [troll (9)]
 10172 | D:9      | HP: 19/100 [centaur/arrow (6)]
 10177 | D:9      | HP: 16/100 [centaur/arrow (4)]
 10183 | D:9      | HP: 12/100 [centaur/arrow (6)]
 10586 | D:8      | Killed a gargoyle
 10586 | D:8      | Reached skill level 8 in Dodging
 10588 | D:8      | Noticed a gargoyle
 10602 | D:8      | Killed a gargoyle
 10608 | D:8      | Noticed a gargoyle
 10628 | D:8      | Killed a gargoyle
 10728 | D:8      | Noticed a gargoyle
 10730 | D:8      | Killed a gargoyle
 10730 | D:8      | Reached skill level 12 in Long Blades
 10974 | D:9      | Reached XP level 11. HP: 108/108 MP: 11/11
 11207 | D:9      | Noticed a centaur warrior
 11209 | D:9      | Reached skill level 10 in Fighting
 11215 | D:9      | Killed a centaur warrior
 11218 | D:9      | XOM: summons 5 hostile demons
 11237 | D:9      | HP: 22/110 [red devil/trident[Xom] (7)]
 11242 | D:9      | HP: 13/110 [red devil/trident[Xom] (5)]
 11243 | D:9      | HP: 6/110 [red devil/trident[Xom] (18)]
 11367 | D:9      | XOM: 1-stop teleportation journey
 11391 | D:9      | XOM: stat loss: -1 Str (14/15)
 11653 | D:9      | XOM: give mutations
 11653 | D:9      | Lost mutation: Scrolls take you a little longer to read. [Xom's mischief]
 11653 | D:9      | Lost mutation: You can translocate small distances at will. [Xom's mischief]
 11653 | D:9      | Lost mutation: You are robust. (+10% HP) [Xom's mischief]
 11653 | D:9      | Gained mutation: You occasionally shout uncontrollably at your foes. [Xom's mischief]
 12076 | D:9      | Noticed a two-headed ogre
 12078 | D:9      | XOM: chaos upgrade
 12110 | D:9      | XOM: mild Chrm miscast
 12274 | D:9      | Noticed a centaur warrior
 12279 | D:9      | XOM: harmless Hex miscast
 12284 | D:9      | Killed a centaur warrior
 12287 | D:9      | Paralysed by a hornet for 3 turns
 12494 | D:10     | Entered Level 10 of the Dungeon
 12549 | D:10     | Noticed a two-headed ogre
 12557 | D:10     | Killed a two-headed ogre
 12557 | D:10     | Reached skill level 13 in Long Blades
 12557 | D:10     | Reached skill level 9 in Dodging
 12698 | D:10     | XOM: 1-stop teleportation journey
 12805 | D:10     | Found a staircase to the Lair.
 12807 | D:10     | Noticed a death yak
 12822 | D:10     | XOM: 7-stop teleportation journey
 12982 | D:9      | XOM: summons 4 hostile shadow creatures
 13029 | D:9      | XOM: harmless Pois miscast
 13034 | D:9      | XOM: smoke on damage
 13035 | D:9      | Killed a two-headed ogre
 13134 | D:9      | XOM: harmless Conj miscast
 13236 | D:10     | Killed a death yak
 13513 | D:10     | XOM: mild Air miscast
 13752 | D:10     | XOM: give mutations
 13752 | D:10     | Lost mutation: Your flesh is cold resistant. (rC+) [Xom's mischief]
 13752 | D:10     | Lost mutation: You occasionally shout uncontrollably at your foes. [Xom's mischief]
 13752 | D:10     | Lost mutation: You have hoof-like feet. [Xom's mischief]
 13752 | D:10     | Lost mutation: You are agile. (Dex +2) [Xom's mischief]
 13803 | D:10     | Reached skill level 11 in Fighting
 13931 | D:10     | XOM: medium Necr miscast
 14037 | Lair:1   | Entered Level 1 of the Lair of Beasts
 14059 | Lair:1   | XOM: harmless Air miscast
 14095 | Lair:1   | XOM: harmless Tloc miscast
 14134 | Lair:1   | Noticed Nergalle
 14136 | Lair:1   | Noticed Nergalle
 14136 | Lair:1   | Nergalle changed into Nergalle the anaconda
 14136 | Lair:1   | XOM: polymorph Nergalle -> Nergalle the anaconda
 14148 | Lair:1   | Killed Nergalle the anaconda
 14148 | Lair:1   | Reached XP level 12. HP: 72/110 MP: 12/12
 14463 | Lair:1   | XOM: 6-stop teleportation journey
 14495 | Lair:1   | XOM: mild Ice miscast
 14573 | Lair:1   | XOM is BORED!
 14573 | Lair:1   | XOM: medium Summ miscast
 14605 | Lair:1   | XOM: stat loss: -1 Dex (11/12)
 14794 | Lair:1   | Reached skill level 14 in Long Blades
 14825 | Lair:1   | XOM: medium Conj miscast
 14998 | Lair:1   | XOM: enchant monster (bad)
 15001 | Lair:1   | XOM: potion effect (invisibility)
 15002 | Lair:1   | XOM: fake destruction
 15004 | Lair:1   | XOM: cast spell 'Summon Mana Viper'
 16285 | Lair:2   | Noticed an eight-headed hydra
 16306 | Lair:2   | XOM: confuse monster(s)
 16356 | Lair:2   | XOM: destruction
 16364 | Lair:2   | XOM: snakes to sticks
 16620 | Lair:1   | XOM: noise
 16626 | Lair:1   | Reached skill level 10 in Dodging
 16640 | Lair:1   | XOM: summons friendly ufetubus
 16939 | Lair:2   | XOM: enchant monster (bad)
 17020 | Lair:2   | XOM: cloud trail
 17777 | Lair:2   | XOM: enchant monster (good)
 17782 | Lair:2   | XOM: destruction
 17791 | Lair:2   | Killed an eight-headed hydra
 17791 | Lair:2   | Reached skill level 12 in Fighting
 17795 | Lair:2   | Reached skill level 15 in Long Blades
 17826 | Lair:2   | XOM: mild Chrm miscast
 18166 | Lair:3   | Found a hole to the Spider Nest.
 18179 | Lair:3   | XOM: blink monster(s)
 18347 | Lair:3   | XOM: medium Air miscast
 18468 | Lair:3   | Noticed an eight-headed hydra
 18470 | Lair:3   | XOM: 2-stop teleportation journey
 18518 | Lair:3   | XOM: summons friendly quasit
 18537 | Lair:3   | Killed a nine-headed hydra
 18553 | Lair:3   | Noticed Rupert
 18583 | Lair:2   | Upgraded the game from 0.21-a0-278-ga722497 to 0.21-a0-279-g6037ffb
 18631 | Lair:3   | XOM: potion effect (brilliance)
 18790 | Lair:3   | XOM: harmless Ice miscast
 18922 | Lair:3   | Reached XP level 13. HP: 118/118 MP: 13/13
 19445 | Lair:4   | XOM: destruction
 19453 | Lair:4   | XOM: enchant monster (bad)
 19455 | Lair:4   | XOM: fake destruction
 19519 | Lair:4   | XOM: harmless Hex miscast
 19539 | Lair:4   | Found a staircase to the Shoals.
 19612 | Lair:4   | Found a dark tunnel.
 19623 | Volcano  | Entered a volcano
 19633 | Volcano  | XOM: noise
 19662 | Volcano  | XOM: 1-stop teleportation journey
 19793 | Volcano  | XOM: summons 1 hostile shadow creature
 19840 | Volcano  | Found a bloodstained altar of Trog.
 19842 | Volcano  | XOM: enchant monster (good)
 19948 | Volcano  | XOM: confusion
 19949 | Volcano  | XOM: swap monsters
 20411 | Lair:4   | XOM: god gift: glowing cloak {god gift}
 20628 | Lair:4   | XOM: scenery: create altars
 20713 | Lair:4   | XOM: give mutations
 20713 | Lair:4   | Gained mutation: Your flesh is cold resistant. (rC+) [Xom's grace]
 20713 | Lair:4   | Gained mutation: Your tail ends in a poisonous barb. [Xom's grace]
 20757 | Lair:4   | XOM: confuse monster(s)
 20759 | Lair:4   | Reached skill level 16 in Long Blades
 20817 | Lair:4   | XOM: give mutations
 20817 | Lair:4   | Gained mutation: Your tail ends in a sharp poisonous barb. [Xom's grace]
 20817 | Lair:4   | Gained mutation: You are robust. (+10% HP) [Xom's grace]
 20817 | Lair:4   | Gained mutation: You passively map a small area around you. [Xom's grace]
 21258 | Lair:4   | Reached skill level 11 in Dodging
 21639 | Lair:5   | XOM: summons 2 friendly demons
 21685 | Lair:5   | XOM: 1-stop teleportation journey
 21759 | Lair:5   | XOM: noise
 22048 | Lair:5   | XOM: give mutations
 22048 | Lair:5   | Lost mutation: Your large and strong wings let you fly indefinitely. [Xom's mischief]
 22048 | Lair:5   | Lost mutation: You have large cloven feet. [Xom's mischief]
 22272 | Lair:6   | Entered Level 6 of the Lair of Beasts
 22273 | Lair:6   | XOM: snakes to sticks
 22320 | Lair:6   | Found a labyrinth entrance.
 22337 | Lair:6   | XOM: summons 13 friendly demons
 22372 | Lair:6   | Reached skill level 13 in Fighting
 22375 | Lab      | Entered a labyrinth
 22434 | Lab      | XOM: divination: detect items
 22604 | Lab      | XOM: harmless Hex miscast
 22725 | Lab      | XOM: harmless Chrm miscast
 22727 | Lab      | Noticed a minotaur
 22727 | Lab      | XOM: divination: magic mapping
 22732 | Lab      | Killed a minotaur
 22753 | Lab      | Got a bound steel ring
 22774 | Lair:6   | Learned a level 1 spell: Summon Butterflies
 22809 | Lair:6   | Found a viscous altar of Jiyva.
 22809 | Lair:6   | Found a staircase to the Slime Pits.
 22880 | Lair:6   | XOM: cast spell 'Summon Butterflies'
 22896 | Lair:6   | XOM: confuse monster(s)
 22903 | Lair:6   | XOM: chaos cloud
 22904 | Lair:6   | XOM: scenery: create altars
 22908 | Lair:6   | XOM: draining
 22911 | Lair:6   | XOM: fog
 22912 | Lair:6   | Noticed an emperor scorpion
 22912 | Lair:6   | a death yak changed into an emperor scorpion
 22981 | Lair:5   | XOM: summons 2 hostile demons
 23208 | Lair:5   | XOM: god gift: wand of scattershot (?/9) {god gift}
 23300 | Lair:6   | XOM: confuse monster(s)
 23307 | Lair:6   | XOM: confuse monster(s)
 23334 | Lair:6   | XOM: give mutation
 23334 | Lair:6   | Gained mutation: Your flesh is very cold resistant. (rC++) [Xom's grace]
 23335 | Lair:6   | Killed an emperor scorpion
 23383 | Lair:6   | XOM: scenery: create altars
 23399 | Lair:6   | Identified the ring of Suphu {*Drain MR+ Int+4 Stlth+} (You found it in a labyrinth)
 23464 | Lair:6   | XOM: smoke on damage
 23470 | Lair:6   | XOM: cast spell 'Summon Butterflies'
 23473 | Lair:6   | XOM: divination: detect creatures
 23478 | Lair:6   | Gained mutation: You have acidic saliva. [Yellow Draconian growth]
 23478 | Lair:6   | Reached XP level 14. HP: 141/141 MP: 14/14
 23690 | Lair:6   | XOM: cast spell 'Leda's Liquefaction'
 23722 | Lair:6   | XOM: medium Conj miscast
 23898 | Lair:6   | XOM: potion effect (berserk rage)
 23914 | Lair:6   | XOM: harmless Hex miscast
 24067 | Lair:6   | XOM: cast spell 'Shadow Creatures'
 24075 | Lair:6   | Reached skill level 12 in Dodging
 24420 | Lair:6   | XOM: potion effect (curing)
 24445 | Lair:6   | XOM: cast spell 'Olgreb's Toxic Radiance'
 24471 | Lair:6   | XOM: harmless Necr miscast
 24475 | Lair:6   | XOM: divination: detect creatures
 24644 | Lair:6   | Reached skill level 13 in Dodging
 24809 | Lair:6   | Reached skill level 17 in Long Blades
 24809 | Lair:6   | Reached skill level 3 in Translocations
 24809 | Lair:6   | Reached skill level 3 in Evocations
 24809 | Lair:6   | Reached XP level 15. HP: 149/149 MP: 14/17
 24859 | Lair:6   | XOM: harmless Conj miscast
 24894 | Lair:6   | XOM: silly message
 24987 | Lair:3   | XOM: potion effect (haste)
 24996 | Lair:3   | Killed Rupert
 25088 | D:10     | XOM: divination: detect items
 25209 | D:11     | XOM: divination: detect creatures
 25283 | D:11     | Found a staircase to the Orcish Mines.
 25386 | D:11     | XOM: potion effect (agility)
 25433 | D:11     | Reached skill level 4 in Evocations
 25438 | D:11     | XOM: potion effect (berserk rage)
 25502 | D:11     | XOM: harmless Chrm miscast
 25691 | D:11     | XOM: silly message
 25924 | Orc:1    | Entered Level 1 of the Orcish Mines
 25926 | Orc:1    | XOM: silly message
 26062 | Orc:2    | Entered Level 2 of the Orcish Mines
 26062 | Orc:2    | Found a staircase to the Elven Halls.
 26381 | Orc:2    | XOM: harmless Necr miscast
 26552 | Orc:2    | XOM: potion effect (brilliance)
 26660 | Orc:2    | XOM: divination: detect items
 26742 | Orc:2    | Reached skill level 5 in Evocations
 27027 | Orc:1    | Noticed an orc warlord
 27058 | Orc:1    | Killed an orc warlord
 27075 | Orc:1    | Reached skill level 14 in Fighting
 27092 | Orc:1    | XOM: scenery: create altars
 27512 | Orc:1    | XOM: divination: detect creatures
 27525 | Orc:2    | Found a burning altar of Makhleb.
 27567 | Orc:2    | XOM: give mutations
 27567 | Orc:2    | Gained mutation: You have a pair of small horns on your head. [Xom's grace]
 27567 | Orc:2    | Gained mutation: Your large and strong wings let you fly indefinitely. [Xom's grace]
 27679 | Orc:2    | XOM is BORED!
 27679 | Orc:2    | XOM: noise
 27711 | Orc:2    | XOM: give mutations
 27711 | Orc:2    | Gained mutation: You can translocate small distances at will. [Xom's grace]
 27711 | Orc:2    | Lost mutation: You tend to lose your temper in combat. [Xom's grace]
 27725 | Orc:2    | XOM: cleaving
 27729 | Orc:2    | Reached skill level 18 in Long Blades
 27762 | Orc:2    | XOM: cast spell 'Leda's Liquefaction'
 27779 | Orc:2    | XOM: polymorph orc wizard -> killer bee
 27817 | Orc:2    | HP: 37/151 [orc warrior/trident (11)]
 27996 | Orc:2    | Reached XP level 16. HP: 140/160 MP: 20/20
 27997 | Orc:2    | XOM: fog
 28002 | Orc:2    | XOM: confusion
 28029 | Orc:2    | Found Ytateduemu's Distillery.
 28029 | Orc:2    | Found Apopeori's Book Shop.
 28035 | Orc:2    | XOM: swap monsters
 28045 | Orc:2    | XOM: confusion
 28228 | Orc:2    | Found Zool's Armour Emporium.
 28228 | Orc:2    | Found Biomu's Food Emporium.
 28279 | Orc:2    | Bought the +2 pair of gloves of the Garden {*Corrode rF+ Regen+ Dex+3} for 408 gold pieces
 28293 | Orc:2    | Bought a potion of curing for 48 gold pieces
 28293 | Orc:2    | Bought 2 potions of heal wounds for 160 gold pieces
 28293 | Orc:2    | Bought a potion of heal wounds for 80 gold pieces
 28293 | Orc:2    | Bought a potion of heal wounds for 80 gold pieces
 28293 | Orc:2    | Bought a potion of curing for 48 gold pieces
 28293 | Orc:2    | Bought a potion of curing for 48 gold pieces
 28386 | D:11     | XOM: god gift: runed great sword {god gift}
 28529 | D:5      | Bought a potion of experience for 600 gold pieces
 28529 | D:5      | Bought a potion of heal wounds for 60 gold pieces
 28529 | D:5      | Bought a potion of heal wounds for 60 gold pieces
 28530 | D:5      | Reached skill level 7 in Evocations
 28530 | D:5      | Reached XP level 17. HP: 167/167 MP: 20/22
 28679 | D:12     | XOM: harmless Conj miscast
 28742 | D:12     | XOM: harmless Air miscast
 28744 | D:12     | XOM: cast spell 'Necromutation'
 28876 | D:12     | XOM: enchant monster (bad)
 29022 | D:12     | XOM: scenery: 1 doors open
 29035 | D:12     | XOM: confuse monster(s)
 29042 | D:12     | XOM: divination: magic mapping
 29044 | D:12     | XOM: summons friendly white imp
 29056 | D:12     | XOM: enchant monster (good)
 29066 | D:12     | XOM: cast spell 'Summon Ice Beast'
 29067 | D:12     | XOM: divination: magic mapping
 29087 | D:12     | XOM: summons 3 friendly demons
 29234 | D:12     | XOM: enchant monster (good)
 29448 | D:12     | XOM: harmless Air miscast
 29593 | D:12     | XOM: summons 4 hostile shadow creatures
 29682 | D:13     | XOM: noise
 29716 | D:13     | XOM: 1-stop teleportation journey
 29735 | D:13     | XOM: enchant monster (bad)
 29782 | D:13     | XOM: chaos upgrade
 29783 | D:13     | XOM: swap monsters
 29786 | D:13     | XOM: summons 2 friendly demons
 29793 | D:13     | XOM: cast spell 'Summon Mana Viper'
 29802 | D:13     | Reached skill level 8 in Evocations
 29822 | D:13     | Reached skill level 19 in Long Blades
 29928 | D:13     | XOM: enchant monster (good)
 29935 | D:13     | XOM: summons friendly iron imp
 29939 | D:13     | XOM: enchant monster (good)
 29942 | D:13     | XOM: scenery: 1 fountains blood, 3 doors close
 30102 | D:13     | Found a gate to the Vaults.
 30179 | D:13     | XOM: give mutations
 30179 | D:13     | Gained mutation: You are somewhat resistant to both further mutation and mutation removal. [Xom's grace]
 30179 | D:13     | Gained mutation: Your spells are harder to cast, but more powerful. [Xom's grace]
 30179 | D:13     | Gained mutation: You have sharp toenails. [Xom's grace]
 30179 | D:13     | Gained mutation: You have sharp fingernails. [Xom's grace]
 30363 | D:13     | XOM: give mutations
 30363 | D:13     | Gained mutation: Your tail ends in a wickedly sharp and poisonous barb. [Xom's grace]
 30363 | D:13     | Gained mutation: You have an increased reservoir of magic. (+10% MP) [Xom's grace]
 30650 | D:14     | XOM: fake destruction
 30651 | D:14     | Paralysed by a hornet for 3 turns
 30893 | D:14     | XOM: scenery: create altars
 30930 | D:14     | Found a glowing silver altar of Zin.
 31065 | D:15     | Entered Level 15 of the Dungeon
 31096 | D:15     | Reached skill level 15 in Fighting
 31099 | D:15     | XOM: summons friendly iron imp
 31104 | D:15     | XOM: cleaving
 31115 | D:15     | XOM: potion effect (brilliance)
 31300 | D:15     | XOM: cleaving
 31867 | D:15     | XOM: scenery: create altars
 31870 | D:15     | XOM: confuse monster(s)
 31876 | D:15     | XOM: give mutations
 31876 | D:15     | Gained mutation: You are resistant to hostile enchantments. (MR+) [Xom's grace]
 31876 | D:15     | Gained mutation: Your muscles are strong. (Str +2) [Xom's grace]
 31876 | D:15     | Gained mutation: You are agile. (Dex +2) [Xom's grace]
 32324 | D:15     | Found a staircase to the Depths.
 32582 | Spider:1 | Entered Level 1 of the Spider Nest
 32585 | Spider:1 | XOM: cleaving
 32741 | Spider:1 | XOM: scenery: create altars
 32769 | Spider:1 | Noticed Kirke
 32782 | Spider:1 | Noticed Kirke
 32782 | Spider:1 | Kirke changed into Kirke the dire elephant
 32782 | Spider:1 | XOM: polymorph Kirke -> Kirke the dire elephant
 32796 | Spider:1 | Killed Kirke the dire elephant
 32796 | Spider:1 | Reached skill level 20 in Long Blades
 32847 | Spider:1 | Noticed Frances
 32849 | Spider:1 | XOM: summons friendly shadow imp
 32863 | Spider:1 | Killed Frances
 32863 | Spider:1 | Reached XP level 18. HP: 168/179 MP: 26/26
 32866 | Spider:1 | XOM: noise
 32883 | Spider:1 | XOM: confusion (+ monsters)
 32942 | Spider:1 | XOM: give mutations
 32942 | Spider:1 | Lost mutation: Your flesh is very cold resistant. (rC++) [Xom's mischief]
 32942 | Spider:1 | Lost mutation: You passively map a small area around you. [Xom's mischief]
 32946 | Spider:1 | XOM: scenery: create altars
 32947 | Spider:1 | XOM: cast spell 'Statue Form'
 32983 | Spider:1 | Noticed Roxanne
 33051 | Spider:1 | XOM: divination: detect items
 33108 | Spider:1 | XOM: god gift: scroll of fog
 33281 | Spider:1 | XOM: divination: detect creatures
 33376 | Spider:1 | XOM: god gift: pair of runed boots {god gift}
 33436 | Spider:1 | XOM: 3-stop teleportation journey
 33542 | Spider:1 | XOM: cloud trail
 33543 | Spider:1 | XOM: give mutation
 33543 | Spider:1 | Gained mutation: You have a pair of horns on your head. [Xom's grace]
 33726 | Spider:2 | Noticed Aizul
 33745 | Spider:2 | Killed Aizul
 33791 | Spider:2 | XOM: divination: magic mapping
 33864 | Spider:2 | Noticed Donald
 33884 | Spider:2 | XOM: potion effect (invisibility)
 33897 | Spider:2 | Killed Donald
 33947 | Spider:2 | Reached skill level 14 in Dodging
 34382 | Spider:3 | XOM: harmless Pois miscast
 34400 | Spider:3 | Paralysed by a hornet for 2 turns
 34489 | Spider:3 | Noticed Arachne
 34514 | Spider:3 | Killed Arachne
 34574 | Spider:3 | XOM: scenery: create altars
 34600 | Spider:3 | XOM: divination: detect items
 34958 | Spider:3 | XOM: scenery: create altars
 34959 | Spider:3 | XOM: smoke on damage
 34969 | Spider:3 | XOM: scenery: create altars
 34978 | Spider:3 | XOM: scenery: create altars
 34980 | Spider:3 | Reached skill level 16 in Fighting
 35321 | Spider:4 | Entered Level 4 of the Spider Nest
 35345 | Spider:4 | XOM: summons friendly iron imp
 35348 | Spider:4 | XOM: cleaving
 35353 | Spider:4 | XOM: destruction
 35379 | Spider:4 | XOM: fake destruction
 35385 | Spider:4 | XOM: fog
 35651 | Spider:4 | XOM: confuse monster(s)
 35688 | Spider:4 | XOM: confuse monster(s)
 35756 | Spider:4 | XOM: god gift: bread ration
 35829 | Spider:4 | XOM: fog
 35926 | Spider:4 | XOM: scenery: create altars
 35950 | Spider:4 | Reached skill level 21 in Long Blades
 36274 | Spider:4 | XOM: medium Necr miscast
 36291 | Spider:4 | XOM: confuse monster(s)
 36525 | Spider:4 | XOM: enchant monster (good)
 36625 | Spider:4 | XOM: give mutations
 36625 | Spider:4 | Gained mutation: Your muscles are very strong. (Str +4) [Xom's grace]
 36625 | Spider:4 | Gained mutation: You are highly resistant to hostile enchantments. (MR++) [Xom's grace]
 36625 | Spider:4 | Gained mutation: You have very sharp teeth. [Xom's grace]
 36803 | Spider:4 | XOM: divination: magic mapping
 36830 | Spider:4 | Got a gossamer rune of Zot
 37006 | Spider:3 | XOM: give mutation
 37006 | Spider:3 | Lost mutation: You have sharp fingernails. [Xom's mischief]
 37078 | Lair:4   | XOM: scenery: create altars
 37096 | Shoals:1 | Entered Level 1 of the Shoals
 37104 | Shoals:1 | XOM: fog
 37181 | Shoals:1 | XOM: enchant monster (good)
 37238 | Shoals:1 | XOM: cast spell 'Call Canine Familiar'
 37344 | Shoals:1 | Noticed Nikola
 37352 | Shoals:1 | XOM: scenery: create altars
 37359 | Shoals:1 | Killed Nikola
 37359 | Shoals:1 | Reached XP level 19. HP: 178/191 MP: 27/27
 37502 | Shoals:1 | XOM: divination: magic mapping
 37618 | Shoals:1 | XOM: harmless Tloc miscast
 38022 | Shoals:2 | XOM: divination: detect items
 38042 | Shoals:2 | XOM: silly message
 38050 | Shoals:2 | XOM: divination: detect items
 38189 | Shoals:2 | XOM: divination: detect creatures
 38537 | Shoals:2 | Reached skill level 15 in Dodging
 38814 | Shoals:2 | XOM: harmless Tmut miscast
 38892 | Shoals:3 | Noticed Mara
 38893 | Shoals:3 | Found Saicav's Antique Armour Emporium.
 38900 | Shoals:3 | Noticed RKaid's illusion
 39044 | Shoals:3 | XOM: potion effect (might)
 39079 | Shoals:3 | Killed Mara
 39079 | Shoals:3 | Reached skill level 17 in Fighting
 39235 | Shoals:3 | Reached skill level 22 in Long Blades
 39279 | Shoals:3 | Found Romudgho's Food Shop.
 39279 | Shoals:3 | XOM: 1-stop teleportation journey
 39284 | Shoals:3 | XOM: summons friendly white imp
 39424 | Shoals:3 | XOM: 6-stop teleportation journey
 39492 | Shoals:3 | XOM is BORED!
 39492 | Shoals:3 | XOM: medium Erth miscast
 39516 | Shoals:3 | XOM: noise
 39578 | Shoals:3 | XOM: potion effect (heal wounds)
 39614 | Shoals:3 | XOM: mild Pois miscast
 39659 | Shoals:3 | Found Cearch's Jewellery Shoppe.
 39726 | Shoals:3 | XOM: god gift: ring of fire {god gift}
 39996 | Shoals:4 | Entered Level 4 of the Shoals
 39999 | Shoals:4 | XOM: confusion (+ monsters)
 40020 | Shoals:4 | XOM: summons friendly iron imp
 40205 | Shoals:4 | Noticed Ilsuiw
 40238 | Shoals:3 | Killed Ilsuiw
 40804 | Shoals:4 | XOM: harmless Fire miscast
 40805 | Shoals:4 | XOM: confuse monster(s)
 41089 | Shoals:4 | XOM: potion effect (invisibility)
 41144 | Shoals:4 | Got a barnacled rune of Zot
 41209 | Shoals:4 | XOM: divination: magic mapping
 41423 | Shoals:4 | Got a scorched steel ring
 41467 | Shoals:4 | XOM: silly message
 41637 | Shoals:4 | Identified the ring "Xetrunik" {Wiz -Tele rN+ MR+ SInv Stlth+} (You took it off a merfolk impaler on level 4 of the Shoals)
 42137 | Shoals:4 | XOM: potion effect (might)
 42310 | D:10     | Learned a level 2 spell: Swiftness
 42432 | Depths:1 | Entered Level 1 of the Depths
 42496 | Depths:1 | Noticed Bai Suzhen
 42504 | D:15     | Reached skill level 1 in Charms
 42613 | Elf:1    | Entered Level 1 of the Elven Halls
 42615 | Elf:1    | XOM: divination: magic mapping
 42747 | Elf:1    | Found Naduw's Antique Weapon Shoppe.
 42921 | Elf:1    | XOM: noise
 43026 | Elf:1    | XOM: confusion
 43044 | Elf:1    | Reached XP level 20. HP: 205/205 MP: 28/28
 43102 | Elf:1    | XOM: enchant monster (bad)
 43185 | Elf:1    | Found Tolop's Jewellery Emporium.
 43367 | Elf:1    | Reached skill level 2 in Charms
 43383 | Elf:1    | XOM: confusion (+ monsters)
 43392 | Elf:1    | XOM: enchant monster (good)
 43621 | Elf:1    | XOM: divination: detect creatures
 43634 | Elf:1    | XOM is BORED!
 43634 | Elf:1    | XOM: give mutation
 43634 | Elf:1    | Lost mutation: Your mind is very acute. (Int +4) [Xom's mischief]
 43643 | Elf:1    | XOM: enchant monster (good)
 43957 | Elf:2    | Found Efonui's Book Shop.
 43981 | Elf:2    | XOM: smoke on damage
 43999 | Elf:2    | XOM: polymorph redback -> floating eye
 44029 | Elf:2    | Reached skill level 3 in Charms
 44163 | Elf:2    | XOM: cloud trail
 44194 | Elf:2    | Reached skill level 1 in Air Magic
 44287 | Elf:2    | XOM: fake destruction
 44307 | Elf:2    | XOM: noise
 44329 | Elf:2    | Reached skill level 23 in Long Blades
 44356 | Elf:2    | XOM: summons friendly iron imp
 44356 | Elf:2    | Reached skill level 16 in Dodging
 44406 | Elf:2    | XOM: cast spell 'Call Canine Familiar'
 44507 | Elf:2    | Identified the +10 rapier of Slow Death {pierce, *Noise Str+4 Dex+4} (You found it on level 2 of the Elven Halls)
 44563 | Elf:2    | XOM: swap monsters
 44565 | Elf:2    | Reached skill level 18 in Fighting
 44654 | Elf:2    | Reached skill level 2 in Air Magic
 44748 | Elf:2    | Found a huge runed gate.
 44748 | Elf:2    | Found a huge runed gate.
 44749 | Elf:2    | Found a huge runed gate.
 44750 | Elf:2    | Found a huge runed gate.
 44752 | Elf:2    | Found a huge runed gate.
 44767 | Elf:2    | XOM: stat loss: -1 Str (26/27)
 44914 | D:11     | XOM: give mutations
 44914 | D:11     | Lost mutation: Your muscles are very strong. (Str +4) [Xom's mischief]
 44914 | D:11     | Lost mutation: Your tail ends in a wickedly sharp and poisonous barb. [Xom's mischief]
 44914 | D:11     | Lost mutation: You are somewhat resistant to both further mutation and mutation removal. [Xom's mischief]
 45206 | Elf:3    | Entered Level 3 of the Elven Halls
 45407 | Elf:3    | XOM: harmless Chrm miscast
 45444 | Elf:3    | XOM: divination: magic mapping
 45449 | Elf:3    | Reached skill level 1 in Shields
 45859 | Elf:3    | XOM: harmless Summ miscast
 45862 | Elf:3    | XOM: mild Conj miscast
 46009 | Elf:3    | XOM: confuse monster(s)
 46017 | Elf:3    | Reached skill level 3 in Air Magic
 46030 | Elf:3    | Reached skill level 2 in Shields
 46124 | Elf:3    | XOM: confuse monster(s)
 46133 | Elf:3    | XOM: confuse monster(s)
 46205 | Elf:3    | Reached skill level 5 in Shields
 46205 | Elf:3    | Reached XP level 21. HP: 214/214 MP: 29/29
 46269 | Elf:3    | XOM: confuse monster(s)
 46277 | Elf:3    | XOM: summons 9 friendly demons
 46284 | Elf:3    | XOM: fog
 46290 | Elf:3    | Reached skill level 6 in Shields
 46516 | Elf:3    | XOM: harmless Air miscast
 46531 | Elf:3    | Got a vibrating ivory amulet
 46532 | Elf:3    | Identified the amulet of Greed {RegenMP Int+4} (You found it on level 3 of the Elven Halls)
 46563 | Elf:3    | Got a warped iron ring
 46733 | Elf:3    | Identified the ring "Annyniosh" {rN+ Str+5 SInv} (You took it off a deep elf demonologist on level 3 of the Elven Halls)
 46962 | Depths:1 | XOM: summons friendly quasit
 46983 | Depths:1 | XOM: noise
 46985 | Depths:1 | Killed Bai Suzhen
 47066 | Depths:1 | XOM: potion effect (brilliance)
 47240 | Depths:1 | Found a gateway to Hell.
 47250 | Depths:1 | Reached XP level 22. HP: 218/223 MP: 30/30
 47494 | Depths:1 | XOM: give mutations
 47494 | Depths:1 | Gained mutation: Your spells are much harder to cast, but much more powerful. [Xom's grace]
 47494 | Depths:1 | Gained mutation: You are very agile. (Dex +4) [Xom's grace]
 47494 | Depths:1 | Gained mutation: You are very robust. (+20% HP) [Xom's grace]
 47494 | Depths:1 | Gained mutation: You are extremely robust. (+30% HP) [Xom's grace]
 47495 | Depths:1 | Xom best god <3
 47507 | Depths:1 | Found Wutraixo's Armour Emporium.
 47521 | Depths:1 | XOM: divination: magic mapping
 47527 | Depths:1 | XOM: enchant monster (bad)
 47539 | Depths:1 | XOM: cloud trail
 47560 | Depths:1 | XOM: harmless Chrm miscast
 47561 | Depths:1 | XOM: 2-stop teleportation journey
 47564 | Depths:1 | XOM: confusion
 48010 | Depths:2 | XOM: enchant monster (bad)
 48023 | Depths:2 | XOM: summons 9 friendly demons
 48026 | Depths:2 | XOM: cast spell 'Shadow Creatures'
 48032 | Depths:2 | XOM: enchant monster (good)
 48051 | Depths:2 | XOM: 1-stop teleportation journey
 48117 | Depths:1 | XOM: god gift: glowing whip {god gift}
 48222 | Depths:2 | XOM: potion effect (heal wounds)
 48243 | Depths:2 | Paralysed by a floating eye for 2 turns
 48250 | Depths:2 | Paralysed by a floating eye for 3 turns
 48259 | Depths:2 | XOM: fog
 48352 | Depths:1 | Reached skill level 24 in Long Blades
 48369 | Depths:1 | XOM: noise
 48386 | Depths:2 | XOM: enchant monster (bad)
 48386 | Depths:2 | Paralysed by a floating eye for 2 turns
 48644 | Depths:2 | XOM: 2-stop teleportation journey
 48650 | Depths:2 | Reached skill level 19 in Fighting
 48668 | Depths:2 | XOM: mild Hex miscast
 48673 | Depths:2 | XOM: mild Conj miscast
 48717 | Depths:2 | XOM: torment (106/266 hp)
 48723 | Depths:2 | HP: 63/266 [vampire knight/bardiche (39)]
 48729 | Depths:2 | HP: 46/266 [vampire knight/vampiric draining (22)]
 48731 | Depths:2 | RKaid: ??bardiche
 48731 | Depths:2 | beem: bardiche[1/1]: (polearms; -6 acc / 18 dam / 2.0 base delay / 0.7 min delay; two handed). A long pole with an enormous blade on one end. The largest polearm. Bardiches chop hydra heads.
 48749 | Depths:2 | HP: 64/266 [something (9)]
 49042 | Depths:2 | Found a one-way gate leading to the halls of Pandemonium.
 49059 | Depths:2 | Noticed Saint Roka
 49064 | Depths:2 | XOM: divination: detect items
 49072 | Depths:2 | XOM: confuse monster(s)
 49079 | Depths:2 | Killed Saint Roka
 49106 | Depths:2 | XOM: silly message
 49108 | Depths:2 | XOM: enchant monster (bad)
 49110 | Depths:2 | XOM: summons 4 friendly demons
 49114 | Depths:2 | XOM: mild Fire miscast
 49132 | Depths:2 | HP: 64/267 [purple very ugly thing (20)]
 49132 | Depths:2 | HP: 22/267 [stone giant (42)]
 49574 | Depths:2 | Found a one-way gate to the infinite horrors of the Abyss.
 49668 | Depths:2 | XOM: divination: detect creatures
 49747 | Depths:2 | XOM: harmless Ice miscast
 49751 | Depths:2 | XOM: potion effect (brilliance)
 49775 | Depths:2 | XOM: harmless Tmut miscast
 49965 | Vaults:1 | XOM: stealth player
 49965 | Vaults:1 | Entered Level 1 of the Vaults
 49967 | Vaults:1 | XOM: divination: detect creatures
 49974 | Vaults:1 | XOM: swap monsters
 49976 | Vaults:1 | Reached skill level 17 in Dodging
 50039 | Vaults:1 | XOM: blink monster(s)
 50061 | Vaults:1 | XOM: summons 1 hostile demon
 50151 | Vaults:1 | XOM: medium Hex miscast
 50336 | Vaults:1 | XOM: severe Erth miscast
 50394 | Vaults:1 | XOM: enchant monster (bad)
 50401 | Vaults:1 | XOM: confusion
 50679 | Vaults:1 | XOM: noise
 50762 | Vaults:1 | XOM: noise
 50779 | Vaults:1 | Reached skill level 20 in Fighting
 50796 | Vaults:1 | XOM: silly message
 50965 | Vaults:1 | XOM: god gift: 12 stones
 50969 | Vaults:1 | XOM: divination: detect items
 51059 | Vaults:1 | Upgraded the game from 0.21-a0-279-g6037ffb to 0.21-a0-283-g622b906
 51215 | Vaults:2 | XOM: harmless Erth miscast
 51295 | Vaults:1 | XOM: noise
 51323 | Vaults:1 | XOM: summons 12 friendly demons
 51359 | Vaults:1 | XOM: give mutations
 51359 | Vaults:1 | Gained mutation: Your system is resistant to poisons. (rPois) [Xom's grace]
 51359 | Vaults:1 | Gained mutation: You have extremely sharp teeth. [Xom's grace]
 51359 | Vaults:1 | Gained mutation: You are somewhat resistant to both further mutation and mutation removal. [Xom's grace]
 51359 | Vaults:1 | Gained mutation: Your tail ends in a wickedly sharp and poisonous barb. [Xom's grace]
 51364 | Vaults:1 | XOM: give mutation
 51364 | Vaults:1 | Gained mutation: Your skin changes colour to match your surroundings (Stealth+). [Xom's grace]
 51588 | Vaults:2 | Reached XP level 23. HP: 235/282 MP: 31/31
 51591 | Vaults:2 | XOM: divination: detect items
 51632 | Vaults:2 | XOM: summons 2 friendly demons
 51651 | Vaults:2 | XOM: mild Air miscast
 51663 | Vaults:2 | HP: 65/282 [flayed ghost/flay_damage[a death knight] (33)]
 51728 | Vaults:2 | Reached skill level 18 in Dodging
 51901 | Vaults:2 | Got a twitching platinum ring
 51902 | Vaults:2 | Identified the ring "Cuefy" {rN+ Stlth+} (You found it on level 2 of the Vaults)
 51913 | Vaults:2 | XOM: 9-stop teleportation journey
 52262 | Vaults:2 | XOM: chaos upgrade
 52319 | Vaults:2 | XOM: medium Tloc miscast
 52326 | Vaults:2 | XOM: polymorph orc knight -> lindwurm
 52814 | Vaults:2 | XOM: enchant monster (bad)
 53083 | Vaults:3 | XOM: confuse monster(s)
 53166 | Vaults:3 | XOM: noise
 53192 | Vaults:3 | XOM: blink monster(s)
 53205 | Vaults:3 | Reached skill level 21 in Fighting
 53378 | Vaults:3 | XOM: harmless Erth miscast
 53451 | Vaults:3 | Found a staircase to the Crypt.
 53481 | Vaults:3 | XOM: 1-stop teleportation journey
 53485 | Vaults:3 | XOM: noise
 53507 | Vaults:3 | XOM: chaos upgrade
 53539 | Vaults:3 | XOM: chaos cloud
 53541 | Vaults:3 | HP: 71/286 [ironbrand convoker/flail of crushing[a vault warden] (14)]
 53544 | Vaults:3 | Paralysed by you for 7 turns
 53546 | Vaults:3 | HP: 53/286 [vault warden/long sword of electrocution (39)]
 53548 | Vaults:3 | HP: 24/286 [vault warden/long sword of electrocution (16)]
 53549 | Vaults:3 | HP: 5/286 [vault warden/long sword of electrocution (21)]
 53550 | Vaults:3 | Slain by an ironbrand convoker

Vault maps used:
D:1:      dpeg_arrival_water_temple_mockup, corexii_leaking_fountain
D:2:      okawaru_gym_becter, grunt_temple_overflow_open, uniq_sigmund
D:3:      chequers_ecumenical_altar_simple, minmay_close_crescents, uniq_natasha
D:4:      first_bread, hangedman_decor_points, hangedman_abyss_or_decor_stagger,
          uniq_ijyb, uniq_grinder
D:5:      grunt_temple_overflow_gold_and_silver, lemuel_crystal_altar,
          minmay_temple_entry_statues_pillars, serial_shops, shop,
          gup_sewer_entry_bubbles, serial_bayou, serial_bayou_pond_d,
          serial_bayou_lagoon_a, serial_bayou_pond_e, serial_bayou_pond_c,
          minmay_misc_feat_diagonals
D:6:      kennysheep_generic_room_13
D:7:      lemuel_round_altar, elyvilon_altar_1
D:8:      cheibrodos_statue_roulette, enter_ossuary_5, special_room
D:9:      minmay_quarter_circles
D:10:     david_lair_generic
D:11:     orc_0_dummy
D:13:     grunt_vaults_entry_tiered
D:14:     zin_angel, hangedman_little_slice_of_home
D:15:     grunt_enter_depths_magical_seal, minivault_24, wad_floor_pattern_1
Lair:1:   special_room, ldierk_geyser, hibernation_bobbens,
          serial_bayou_shore_a, grunt_megastairs_5, lemuel_fruit_tree,
          uniq_nergalle
Lair:2:   portal_ice_cave_entry_pillars_1, st_stairs_9, ice2_lemuel
Lair:3:   spider_nest_entry_rubble, st_stairs_10, uniq_rupert
Lair:4:   minmay_shoals_entry_lonely_mermaid, enter_volcano_2,
          lemuel_fruit_fields, minmay_lair_oklob_chamber
Lair:5:   serial_bayou_pond_c, grunt_megastairs_1
Lair:6:   guppyfry_lair_end_dragon, hangedman_lair_in_review,
          dpeg_slime_entry_enclosed_altar, lab_entry_generic,
          eino_house_with_fridge
Shoals:1: uniq_nikola
Shoals:2: nicolae_shoals_drake_roost
Shoals:3: serial_shops, shop, shop, nicolae_shop_trees, uniq_mara
Shoals:4: shoals_end_hangedman, shoals_ilsuiw_ice
Spider:1: einodemon_crawler_minivault, uniq_roxanne, uniq_kirke, uniq_frances
Spider:2: uniq_aizul, uniq_donald
Spider:3: uniq_arachne
Spider:4: grunt_spider_rune_circles, nicolae_spider_stair_cavern
Orc:1:    roderic_batcave
Orc:2:    st_orc_elflike, basic_altar, minmay_orc_keep
Elf:1:    minmay_elf_arrival_summoners, serial_shops, nicolae_shop_stone, shop,
          hangedman_elf_disciples
Elf:2:    serial_shops, shop
Elf:3:    minmay_elf_hall_dome
Vaults:1: nicolae_vaults_twisting_passages, nicolae_vaults_little_squares_3,
          nicolae_vaults_network_square, hangedman_vaults_cutoff,
          ontoclasm_vaults_ring_square, st_lattice,
          nicolae_vaults_bisected_inception, v_misc_27,
          ontoclasm_vaults_decontamination, vaults_mumra_lcd, v_misc_24,
          nicolae_vaults_little_squares_1, nicolae_vaults_circle_grid_b,
          nicolae_vaults_little_ls
Vaults:2: st_greater_box_5, v_alt_pattern_5, hangedman_vaults_trim,
          nicolae_vaults_network_star, vaults_room_grid,
          ontoclasm_vaults_hangar, vaults_dpeg_cross, vaults_room_fours,
          dpeg_vaults_monster_box
Vaults:3: nicolae_vaults_what_the_h, v_pattern_3,
          minmay_crypt_entry_simple_walls, hangedman_vaults_impose,
          vaults_mumra_hex, hangedman_vaults_snaps, v_misc_4,
          ontoclasm_vaults_twist, nicolae_vaults_little_squares_1,
          vaults_mumra_minichess, serial_shops, shop, shop_fountains
Depths:1: serial_shops, shop_fountains, grunt_mini_vestibule,
          nicolae_water_bricks, hangedman_stitches_earthworm, uniq_bai_suzhen
Depths:2: kennysheep_snake, pan_entry, marbit_kobold_abyss_entry, hell_entry,
          minislime_mu, kennysheep_random_hallway, infiniplex_staircase_pool_2,
          uniq_saint_roka
Lab:      labyrinth_mini_lab, labyrinth_skeletal_remains, nicolae_lab_grate
Ossuary:  ossuary_tomb_1
Volcano:  volcano_grotto

Skill      XL: |  1  2  3  4  5  6  7  8  9 10 11 12 13 14 15 16 17 18 19 20 21 22 23 |
---------------+----------------------------------------------------------------------+-----
Long Blades    | 5 6 7 9 10 12 13 15 16 17 18 20 21 22 23 24 | 24.0
Fighting       | 4 5 6 7 8 9 11 12 13 14 15 16 17 18 20 21 | 21.2
Dodging        | 3 4 5 7 8 9 10 11 13 14 15 16 17 18 | 18.5
Translocations | 3 |  3.2
Evocations     | 3 5 7 8 |  8.0
Charms         | 1 3 |  3.0
Air Magic      | 3 |  3.0
Shields        | 5 6 |  6.5

Action                   |  1- 3 |  4- 6 |  7- 9 | 10-12 | 13-15 | 16-18 | 19-21 | 22-24 || total
-------------------------+-------+-------+-------+-------+-------+-------+-------+-------++-------
Melee: Falchion          |   105 |   113 |   510 |   186 |       |       |       |       ||   914
       Tailslap          |     9 |     8 |    59 |   131 |   151 |   286 |   231 |   231 ||  1106
       Headbutt          |     6 |    16 |    52 |       |     9 |   355 |   290 |   323 ||  1051
       Great sword       |       |       |       |   579 |   918 |  1018 |       |       ||  2515
       Scimitar          |       |       |       |    53 |     1 |       |       |       ||    54
       Bite              |       |       |       |       |    75 |   214 |   164 |   174 ||   627
       Triple sword      |       |       |       |       |       |   329 |   711 |   864 ||  1904
       Kick              |       |       |       |       |       |     1 |       |       ||     1
       Rapier            |       |       |       |       |       |       |   249 |       ||   249
 Fire: Hunting sling     |       |     1 |       |       |       |     4 |       |       ||     5
 Cast: Blink             |       |       |       |     2 |     1 |     2 |     2 |     3 ||    10
       Summon Butterflie |       |       |       |       |       |       |       |     1 ||     1
 Abil: Breathe Acid      |       |       |     2 |    16 |     7 |     7 |     1 |     4 ||    37
       Fly               |       |       |       |     1 |       |     1 |     1 |       ||     3
       Stop Flying       |       |       |       |       |       |       |     1 |       ||     1
Evoke: Wand              |       |       |     1 |     6 |     5 |    10 |     5 |     1 ||    28
  Use: Scroll            |     3 |     1 |    13 |    18 |    10 |     9 |    15 |     4 ||    73
       Potion            |     1 |       |       |     4 |     2 |     5 |     3 |     4 ||    19
 Stab: Paralysed         |     2 |       |     9 |     4 |       |     2 |       |       ||    17
       Sleeping          |     2 |       |     1 |       |       |     2 |     3 |     5 ||    13
       Distracted        |       |       |     2 |       |     2 |     1 |     1 |     1 ||     7
       Petrified         |       |       |     1 |       |    10 |       |       |       ||    11
       Confused          |       |       |       |     2 |    12 |     5 |     2 |     3 ||    24
       Invisible         |       |       |       |     2 |       |     4 |     3 |       ||     9
  Eat: Chunk             |     2 |     4 |    27 |    49 |    23 |    16 |    16 |    12 ||   149
       Fruit             |       |     3 |     3 |       |     5 |    17 |     5 |       ||    33
       Royal jelly       |       |       |       |       |       |       |     4 |     5 ||     9
       Bread ration      |       |       |       |       |       |       |     1 |       ||     1
Armor: Skin              |    32 |    36 |   185 |   338 |   313 |   584 |   323 |   223 ||  2034
Dodge: Dodged            |    71 |    78 |   335 |   792 |   782 |  1428 |   826 |   775 ||  5087
Block: Buckler           |       |       |       |     5 |       |       |       |       ||     5
       Shield            |       |       |       |       |       |       |    57 |       ||    57
       Rpst.: Falchion   |    18 |    25 |    93 |    18 |       |       |       |       ||   154
       Great sword       |       |       |       |   157 |   204 |   191 |       |       ||   552
       Scimitar          |       |       |       |    17 |       |       |       |       ||    17
       Triple sword      |       |       |       |       |       |    60 |   128 |   151 ||   339

Table legend:
 A = Spawn XP
 B = Non-spawn XP
 C = Spawn XP percentage of total XP
 D = Spawn monster count
 E = Non-spawn monster count
 F = Spawn count percentage of total count
 G = Total turns spent on level
                    A         B        C        D         E        F      G
               +---------+---------+-------+---------+---------+-------+---------
         Total |       0 |  687864 |   0.0 |       0 |    1791 |   0.0 | 53550
               +---------+---------+-------+---------+---------+-------+---------
           D:1 |       0 |      26 |   0.0 |       0 |      15 |   0.0 |   834
           D:2 |       0 |     316 |   0.0 |       0 |      30 |   0.0 |  1232
           D:3 |       0 |     179 |   0.0 |       0 |      30 |   0.0 |   699
           D:4 |       0 |     330 |   0.0 |       0 |      19 |   0.0 |  1229
           D:5 |       0 |    1773 |   0.0 |       0 |      41 |   0.0 |  1192
           D:6 |       0 |    1308 |   0.0 |       0 |      23 |   0.0 |  1021
           D:7 |       0 |     782 |   0.0 |       0 |      20 |   0.0 |  2136
           D:8 |       0 |    4066 |   0.0 |       0 |      42 |   0.0 |  2320
           D:9 |       0 |    7842 |   0.0 |       0 |      64 |   0.0 |  2053
          D:10 |       0 |    4161 |   0.0 |       0 |      22 |   0.0 |  1618
          D:11 |       0 |    7173 |   0.0 |       0 |      37 |   0.0 |   927
          D:12 |       0 |   12227 |   0.0 |       0 |      43 |   0.0 |  1150
          D:13 |       0 |   16098 |   0.0 |       0 |      89 |   0.0 |   842
          D:14 |       0 |    7087 |   0.0 |       0 |      36 |   0.0 |   818
          D:15 |       0 |   25627 |   0.0 |       0 |      57 |   0.0 |  1452
        Lair:1 |       0 |    7902 |   0.0 |       0 |      51 |   0.0 |  2611
        Lair:2 |       0 |    4554 |   0.0 |       0 |      24 |   0.0 |  1459
        Lair:3 |       0 |    8091 |   0.0 |       0 |      21 |   0.0 |  1452
        Lair:4 |       0 |    5562 |   0.0 |       0 |      13 |   0.0 |  1397
        Lair:5 |       0 |    4890 |   0.0 |       0 |      19 |   0.0 |  1105
        Lair:6 |       0 |   26172 |   0.0 |       0 |      70 |   0.0 |  1937
      Shoals:1 |       0 |   17076 |   0.0 |       0 |      30 |   0.0 |   884
      Shoals:2 |       0 |   15320 |   0.0 |       0 |      36 |   0.0 |  1042
      Shoals:3 |       0 |   30508 |   0.0 |       0 |      43 |   0.0 |  1587
      Shoals:4 |       0 |   31951 |   0.0 |       0 |      50 |   0.0 |  1541
      Spider:1 |       0 |   19561 |   0.0 |       0 |      48 |   0.0 |  1088
      Spider:2 |       0 |   10137 |   0.0 |       0 |      24 |   0.0 |   802
      Spider:3 |       0 |   17603 |   0.0 |       0 |      38 |   0.0 |  1043
      Spider:4 |       0 |   39357 |   0.0 |       0 |      79 |   0.0 |  1601
         Orc:1 |       0 |    7603 |   0.0 |       0 |      69 |   0.0 |  1235
         Orc:2 |       0 |   15139 |   0.0 |       0 |      88 |   0.0 |  1247
         Elf:1 |       0 |   32626 |   0.0 |       0 |      53 |   0.0 |  1600
         Elf:2 |       0 |   28022 |   0.0 |       0 |      42 |   0.0 |   818
         Elf:3 |       0 |   48089 |   0.0 |       0 |      42 |   0.0 |  1580
      Vaults:1 |       0 |   46677 |   0.0 |       0 |      82 |   0.0 |  1293
      Vaults:2 |       0 |   52958 |   0.0 |       0 |      60 |   0.0 |  1669
      Vaults:3 |       0 |   32772 |   0.0 |       0 |      46 |   0.0 |   586
      Depths:1 |       0 |   39491 |   0.0 |       0 |      50 |   0.0 |  1945
      Depths:2 |       0 |   50750 |   0.0 |       0 |      82 |   0.0 |  1066
           Lab |       0 |    1078 |   0.0 |       0 |       1 |   0.0 |   395
       Ossuary |       0 |     339 |   0.0 |       0 |      40 |   0.0 |   264
       Volcano |       0 |    4641 |   0.0 |       0 |      22 |   0.0 |   780
               +---------+---------+-------+---------+---------+-------+---------

Table legend:
 A = Turns spent in this place as a percentage of turns spent in the entire game.
 B = Non-inter-level travel turns spent in this place as a percentage of non-inter-level travel turns spent in the entire game.
 C = Inter-level travel turns spent in this place as a percentage of turns spent in this place.
 D = Turns resting spent in this place as a percentage of non-inter-level travel turns spent in this place.
 E = Turns spent auto-exploring this place as a percentage of non-inter-level travel turns spent in this place.
 F = Non-inter-level travel turns spent in this place divided by the number of levels of this place that you've seen.
                   A       B       C       D       E      F
               +-------+-------+-------+-------+-------+----------------------
         Total | 100.0 | 100.0 |   7.4 |  24.3 |  41.8 | 1180.4
       Dungeon |  36.5 |  35.5 |   9.9 |  25.3 |  45.2 | 1172.5
          Lair |  18.6 |  18.7 |   7.0 |  29.4 |  43.6 | 1544.5
        Shoals |   9.4 |   9.4 |   7.8 |  23.8 |  37.3 | 1165.2
   Spider Nest |   8.5 |   8.8 |   3.8 |  21.5 |  39.4 | 1090.2
  Orcish Mines |   4.6 |   4.6 |   9.1 |  28.4 |  27.4 | 1128.0
   Elven Halls |   7.5 |   7.4 |   8.3 |  14.9 |  40.0 | 1221.7
        Vaults |   6.6 |   6.8 |   4.3 |   4.7 |  59.0 | 1132.0
        Depths |   5.6 |   5.9 |   2.2 |  29.0 |  35.7 | 1472.5
     Labyrinth |   0.7 |   0.8 |   0.0 |  40.8 |   0.0 | 395.0
       Ossuary |   0.5 |   0.5 |   0.0 |   8.0 |  31.4 | 264.0
       Volcano |   1.5 |   1.6 |   0.0 |  54.5 |   7.8 | 780.0
               +-------+-------+-------+-------+-------+----------------------

Table legend:
 A = Kills in this place as a percentage of kills in entire the game.
 B = Kills by you in this place as a percentage of kills by you in the entire game.
 C = Kills by friends in this place as a percentage of kills by friends in the entire game.
 D = Other kills in this place as a percentage of other kills in the entire game.
 E = Experience gained in this place as a percentage of experience gained in the entire game.
 F = Experience gained in this place divided by the number of levels of this place that you have seen.
                   A       B       C       D       E      F
               +-------+-------+-------+-------+-------+----------------------
         Total | 100.0 | 100.0 | 100.0 | 100.0 | 100.0 | 16377.7
       Dungeon |  31.7 |  31.5 |  40.0 |  38.5 |  12.9 | 5933.0
          Lair |  11.1 |  10.8 |  17.1 |  23.1 |   8.3 | 9528.5
        Shoals |   8.9 |   9.0 |   2.9 |   7.7 |  13.8 | 23713.8
   Spider Nest |  10.6 |  10.7 |   0.0 |  15.4 |  12.6 | 21664.5
  Orcish Mines |   8.8 |   8.7 |  14.3 |   7.7 |   3.3 | 11371.0
   Elven Halls |   7.6 |   7.7 |   2.9 |   7.7 |  15.8 | 36245.7
        Vaults |  10.5 |  10.8 |   0.0 |   0.0 |  19.2 | 44135.7
        Depths |   7.4 |   7.2 |  17.1 |   0.0 |  13.1 | 45120.5
     Labyrinth |   0.1 |   0.1 |   0.0 |   0.0 |   0.2 | 1078.0
       Ossuary |   2.2 |   2.2 |   5.7 |   0.0 |   0.0 | 339.0
       Volcano |   1.2 |   1.3 |   0.0 |   0.0 |   0.7 | 4641.0
               +-------+-------+-------+-------+-------+----------------------
